 Dungeon Crawl Stone Soup version 0.21.1-1-g345015fe64 (webtiles) character file.

655 Oravi the Changer (level 7, 0/49 HPs)
             Began as a Merfolk Transmuter on Apr 12, 2018.
             Slain by an ice beast (8 damage)
             ... while paralysed by a hornet
             ... on level 5 of the Dungeon.
             The game lasted 00:21:09 (4651 turns).

Oravi the Changer (Merfolk Transmuter)              Turns: 4651, Time: 00:21:12

Health: 0/49       AC:  2    Str:  8 (10) XL:     7   Next: 54%
Magic:  8/10       EV:  5    Int: 18      God:
Gold:   250        SH:  0    Dex: 20      Spells: 4/10 levels left

rFire    . . .     SeeInvis .     - Unarmed
rCold    . . .     Gourm    .   (shield currently unavailable)
rNeg     . . .     Faith    .   (armour currently unavailable)
rPois    .         Spirit   .   (helmet currently unavailable)
rElec    .         Reflect  .   (cloak currently unavailable)
rCorr    .         Harm     .   (gloves currently unavailable)
MR       .....                  (boots currently unavailable)
Stlth    ++........             (no amulet)
HPRegen  0.16/turn              l - +4 ring of intelligence
MPRegen  0.12/turn              n - ring of poison resistance

@: paralysed, lethally poisoned (0 -> -10), spider-form, slowed
A: tiny, (change form in water), (swift swim), (stealthy swim)
a: End Transformation


You were on level 5 of the Dungeon.
You were very hungry.
You were a venomous arachnid creature.
You visited 1 branch of the dungeon, and saw 5 of its levels.
You also visited: Ossuary.

You collected 250 gold pieces.

Inventory:

Missiles
 a - 30 arrows
Armour
 b - a +0 robe (melded)
 k - a cursed +1 ring mail
Jewellery
 l - a +4 ring of intelligence (left front leg)
 n - a ring of poison resistance (right front leg)
Wands
 p - a wand of flame (12)
Scrolls
 e - 3 scrolls of teleportation
 g - 3 scrolls of remove curse
 m - a scroll of enchant weapon
Potions
 h - 2 potions of lignification {unknown}
 i - 5 potions of heal wounds
 j - a potion of magic
 o - 2 potions of curing
Books
 c - a book of Changes

   Spells                             Type                      Level
   a - Beastly Appendage              Transmutation                1
   b - Sticks to Snakes               Transmutation                2
   c - Spider Form                    Transmutation/Poison         3
   d - Ice Form                       Ice/Transmutation            4
   e - Blade Hands                    Transmutation                5
Comestibles
 d - 5 rations
 f - 4 chunks of flesh


   Skills:
 + Level 1.8 Fighting
 + Level 4.1 Dodging
 + Level 6.1 Unarmed Combat
 - Level 2.0 Spellcasting
 * Level 6.5 Transmutations
 * Level 3.4 Poison Magic


You had 4 spell levels left.
You knew the following spells:

 Your Spells              Type           Power        Failure   Level  Hunger
a - Beastly Appendage     Tmut           ####..       6%          1    #......
b - Sticks to Snakes      Tmut           ####....     8%          2    ###....
c - Spider Form           Tmut/Pois      ###.......   19%         3    ###....


Dungeon Overview and Level Annotations

Branches:
Dungeon (5/15)
 Temple: D:4-7

Altars:
Ashenzari
Elyvilon
Gozag
Hepliaklqana
Sif Muna


Message History

You hit the hornet but do no damage. The hornet closely misses you.
The orc completely misses you. The hornet closely misses you.
You hit the hornet but do no damage.
The hornet is poisoned.
The orc completely misses you. The hornet completely misses you.
You closely miss the hornet.
The hornet is lightly wounded.
The orc closely misses you. The hornet completely misses you.
The orc barely misses you. The ice beast closely misses you.
You hit the hornet.
The hornet looks as sick as possible!
The hornet is moderately wounded.
The hornet misses you. The orc completely misses you. x2
The ice beast hits you. The ice beast freezes you! The hornet stings you.
You suddenly lose the ability to move!
The hornet stings you!
* * * LOW HITPOINT WARNING * * *
You are poisoned.
You feel yourself slow down. The ice beast hits you.
* * * LOW HITPOINT WARNING * * *
The ice beast freezes you!
You die...

..#. ##.........#
..# ##........#
#........#
#........##.#
#...........#
#.........###
#####.#.#..o.
#y#....## #
#####s#o.... #
#.(.Yoo{.#### #
#.###....oS..# #
#....[<.....##
#####.[[....##.
#............ #
#..#.......Z.#
#.####.##.......#.#
#.#....#...##.### #


You could see a hornet, an ice beast, an orc wizard, 2 orcs, a ball python and a
centaur skeleton (wandering).

Vanquished Creatures
  A wraith (Ossuary)
  A wight (Ossuary)
  A crimson imp (D:3)
  A hound (D:4)
  A bullfrog zombie (D:5)
  An orc wizard (D:5)
  An iguana (D:4)
  2 worker ants
  A hound zombie (D:5)
  A hound skeleton (D:5)
  4 gnolls (D:5)
  4 adders
  An adder zombie (Ossuary)
  A dart slug (D:1)
  3 leopard geckos
  9 orcs
  8 bats
  3 giant cockroaches
  8 goblins
  7 hobgoblins
  4 jackals (D:2)
  3 ball pythons (D:1)
  4 ball python skeletons (Ossuary)
  10 frilled lizards
  A goblin zombie (D:4)
  A hobgoblin skeleton (Ossuary)
  2 hobgoblin zombies (Ossuary)
  8 kobolds
  A kobold zombie (Ossuary)
  3 leopard gecko skeletons
  An orc skeleton (Ossuary)
  A quokka skeleton (D:4)
  4 rats
  A rat zombie (D:4)
103 creatures vanquished.

Vanquished Creatures (collateral kills)
  The ghost of DarkMoon the Skirmisher, an amateur DrTm (D:3)
  A giant cockroach (D:3)
2 creatures vanquished.

Grand Total: 105 creatures vanquished

Notes
Turn   | Place    | Note
-------+----------+-------------------------------------------
     0 | D:1      | Oravi the Merfolk Transmuter began the quest for the Orb.
     0 | D:1      | Reached XP level 1. HP: 15/15 MP: 3/3
    86 | D:1      | Reached XP level 2. HP: 18/21 MP: 3/5
   541 | D:1      | Reached XP level 3. HP: 26/26 MP: 4/6
   545 | D:1      | Learned a level 2 spell: Sticks to Snakes
   549 | D:1      | Learned a level 3 spell: Spider Form
   986 | D:2      | Found a faded altar of an unknown god.
  1302 | D:2      | Reached XP level 4. HP: 32/32 MP: 3/7
  2013 | D:3      | Noticed DarkMoon's ghost (amateur DrTm)
  2039 | D:3      | Killed DarkMoon's ghost
  2039 | D:3      | Reached skill level 1 in Poison Magic
  2039 | D:3      | Reached XP level 5. HP: 14/37 MP: 0/8
  2331 | D:3      | Reached skill level 5 in Transmutations
  2754 | D:4      | Found a sand-covered staircase.
  2771 | Ossuary  | Entered an ossuary
  2885 | Ossuary  | Noticed a flying skull
  2885 | Ossuary  | Noticed a wraith
  2894 | Ossuary  | Noticed a flying skull
  2897 | Ossuary  | Noticed a flying skull
  2909 | Ossuary  | Noticed a flying skull
  2941 | Ossuary  | Noticed a flying skull
  2968 | Ossuary  | Noticed a wraith
  2981 | Ossuary  | Killed a wraith
  2981 | Ossuary  | Reached skill level 5 in Unarmed Combat
  2981 | Ossuary  | Reached XP level 6. HP: 43/43 MP: 6/9
  3167 | Ossuary  | Noticed a wraith
  3398 | D:4      | Found an opulent altar of Gozag.
  3494 | D:4      | Found a white marble altar of Elyvilon.
  3496 | D:4      | Found a deep blue altar of Sif Muna.
  3496 | D:4      | Found a hazy altar of Hepliaklqana.
  3508 | D:4      | Found a shattered altar of Ashenzari.
  3530 | D:4      | Reached XP level 7. HP: 31/49 MP: 2/10
  4090 | D:5      | Entered Level 5 of the Dungeon
  4225 | D:5      | Noticed a hornet
  4650 | D:5      | Paralysed by a hornet for 3 turns
  4651 | D:5      | Slain by an ice beast

Skill      XL: |  1  2  3  4  5  6  7 |
---------------+----------------------+-----
Transmutations | 3 4 5 6 |  6.5
Dodging        | 3 4 |  4.1
Unarmed Combat | 4 5 6 |  6.1
Poison Magic   | 1 2 3 |  3.4
Fighting       | |  1.8
Spellcasting   | |  2.0

Action                   |  1- 3 |  4- 6 |  7- 9 || total
-------------------------+-------+-------+-------++-------
Melee: Unarmed           |   117 |   120 |    85 ||   322
       Headbutt          |    13 |       |       ||    13
       Punch             |     1 |       |       ||     1
 Cast: Beastly Appendage |    20 |     3 |       ||    23
       Spider Form       |     7 |    20 |    12 ||    39
       Sticks to Snakes  |       |     2 |       ||     2
  Use: Scroll            |       |     8 |     6 ||    14
       Potion            |       |     3 |       ||     3
 Stab: Sleeping          |       |     7 |       ||     7
  Eat: Chunk             |     3 |     7 |     4 ||    14
       Ration            |       |     1 |       ||     1
Armor: Robe              |    27 |     5 |       ||    32
       Skin              |     2 |     5 |     6 ||    13
Dodge: Dodged            |    94 |    92 |    98 ||   284
